 Dungeon Crawl Stone Soup version 0.31-a0-7-g51783674b7 (console) character file.

Game seed: 696238396019394118

613962 petzl the Scorcher (level 27, -1/203 HPs)
             Began as a Formicid Delver on Apr 27, 2023.
             Was the Champion of Vehumet.
             Splashed by a brown very ugly thing's acid (5 damage)
             ... in Pandemonium on May 5, 2023.
             The game lasted 16:15:47 (134691 turns).

petzl the Scorcher (Formicid Delver)              Turns: 134691, Time: 16:15:48

Health: -1/203     AC: 21    Str: 29      XL:     27
Magic:  47/47      EV: 10    Int: 24 (27) God:    Vehumet [******]
Gold:   2079       SH: 24    Dex: 12      Spells: 1/66 levels left

rFire   + + .        a - +5 glaive {elec, spectral, AC+5}
rCold   + + .        Q - +0 tower shield of Negation {rF+ rC++ Str+3}
rNeg    . . .        i - +3 leather armour {rF+}
rPois   +            (helmet unavailable)
rElec   +            H - +2 cloak "Bejoyday" {rPois}
rCorr   .            P - +2 pair of gloves "Ihiockuh" {Str+3}
SInv    +            G - +2 pair of boots
Will    +++..        A - amulet of reflection
Stlth   ++++         j - ring "Feliathri" {rElec Will+ Int+6}
HPRegen 0.53/turn    o - ring of wizardry
MPRegen 0.30/turn

%: reflection, wizardry (x1)
@: on vortex cooldown, corroded, constricted, studying 2 skills
A: permanent stasis, dig shafts and tunnels, antennae 3, four strong arms,
talons 2, iridescent scales 1, clumsy 1, frail 1, strong 1
}: 4/15 runes: barnacled, slimy, silver, gossamer
a: Dig, Renounce Religion


You were in Pandemonium.
You worshipped Vehumet.
Vehumet was exalted by your worship.
You visited 14 branches of the dungeon, and saw 54 of its levels.
You visited Pandemonium 1 time, and saw 2 of its levels.
You also visited: Trove, Bailey and Volcano.

You collected 8217 gold pieces.
You spent 6138 gold pieces at shops.

Inventory:

Hand Weapons
 a - the +5 glaive of the Guard (weapon) {elec, spectral, AC+5}
   (You took it off a deep elf zephyrmancer on level 3 of the Elven Halls)

   AC:        It affects your AC (+5).
 b - a +7 hand crossbow of flaming
 c - the +6 Majin-Bo {spellvamp, MP+6 Int+6}
   (You found it on level 3 of the Crypt)

   Int:       It affects your intelligence (+6).
   MP:        It affects your magic capacity (+6).
 d - a +3 demon trident of venom
 f - the +5 trident of Qetourr {heavy, Fly rC+}
   (You found it on level 3 of the Crypt)

   rC:        It protects you from cold.
   Fly:       It grants you flight.
 p - a +5 morningstar of protection
Missiles
 s - 15 silver javelins
 v - 8 curare-tipped darts (quivered)
 B - 8 boomerangs of dispersal
 J - 10 throwing nets
Armour
 i - a +3 leather armour of fire resistance (worn)
 G - a +2 pair of boots (worn)
 H - the +2 cloak "Bejoyday" (worn) {rPois}
   (You found it on level 9 of the Dungeon)

   rPois:     It protects you from poison.
 P - the +2 pair of gloves "Ihiockuh" (worn) {Str+3}
   (You found it on level 2 of the Vaults)

   Str:       It affects your strength (+3).
 Q - the +0 tower shield of Negation (worn) {rF+ rC++ Str+3}
   (You bought it in a shop on level 5 of the Vaults)

   Str:       It affects your strength (+3).
   rF:        It protects you from fire.
   rC:        It greatly protects you from cold.
Jewellery
 j - the ring "Feliathri" (left hand) {rElec Will+ Int+6}
   (You found it in a treasure trove)

   [ring of intelligence]

   Int:       It affects your intelligence (+6).
   rElec:     It insulates you from electricity.
   Will:      It increases your willpower.
 o - a ring of wizardry (right hand)
 A - an amulet of reflection (around neck)
Wands
 e - a wand of digging (48)
 k - a wand of mindburst (70)
 K - a wand of paralysis (34)
 M - a wand of quicksilver (42)
 W - a wand of iceblast (61)
Scrolls
 m - a scroll of summoning
 r - a scroll of brand weapon
 u - a scroll of enchant weapon
 x - 7 scrolls of poison
 y - a scroll of immolation
 z - a scroll of magic mapping
 C - a scroll of amnesia
 I - 6 scrolls of fog
 T - 8 scrolls of fear
Potions
 g - 16 potions of curing
 h - 3 potions of heal wounds
 l - 2 potions of resistance
 q - 6 potions of lignification
 t - 5 potions of might
 w - 7 potions of brilliance
 F - a potion of magic
 L - 2 potions of cancellation
 R - a potion of invisibility
 Y - 8 potions of ambrosia
 Z - 5 potions of flight
Miscellaneous
 n - a box of beasts (inert)
 E - a lightning rod (4/4)
 V - a phantom mirror
 X - a phial of floods


   Skills:
 + Level 20.4 Fighting
 - Level 4.0 Long Blades
 - Level 2.2 Maces & Flails
 - Level 5.0 Polearms
 - Level 5.0 Ranged Weapons
 - Level 13.0 Armour
 - Level 6.0 Dodging
 - Level 9.0 Stealth
 - Level 16.1 Shields
 - Level 20.0 Spellcasting
 - Level 20.5 Conjurations
 - Level 9.4 Necromancy
 - Level 12.0 Translocations
 - Level 20.5 Fire Magic
 * Level 14.3 Ice Magic
 - Level 8.0 Air Magic
 - Level 7.1 Earth Magic
 - Level 7.0 Poison Magic
 - Level 3.0 Evocations


You had one spell level left.
You knew the following spells:

 Your Spells              Type           Power      Damage    Failure   Level
a - Mephitic Cloud        Conj/Pois/Air  69%        N/A       1%          3
c - Iron Shot             Conj/Erth      37%        9d7       1%          6
d - Hailstorm             Conj/Ice       82%        3d17      0%          3
l - Freezing Cloud        Conj/Ice/Air   37%        6-21      1%          5
m - Fire Storm            Conj/Fire      44%        8d11      10%         9
n - Polar Vortex          Ice            37%        N/A       67%         9
o - Orb of Destruction    Conj           44%        9d12      1%          7
p - Passage of Golubria   Tloc           69%        N/A       1%          4
s - Sticky Flame          Conj/Fire      89%        2d10      0%          4
u - Sublimation of Blood  Necr           62%        N/A       1%          2
A - Ozocubu's Armour      Ice            75%        N/A       1%          3
C - Conjure Ball Lightni  Conj/Air       37%        3x3d12    1%          6
T - Olgreb's Toxic Radia  Pois           55%        N/A       1%          4

Your spell library contained the following spells:

 Spells                   Type           Power      Damage    Failure   Level
 Shatter                  Erth           27%        3d23*     100%        9
 Foxfire                  Conj/Fire      100%       2x1d9     0%          1
 Freeze                   Ice            100%       1d10      0%          1
 Kiss of Death            Conj/Necr      100%       2d13      0%          1
 Magic Dart               Conj           100%       1d8       0%          1
 Shock                    Conj/Air       100%       1d9       0%          1
 Apportation              Tloc           100%       N/A       1%          1
 Necrotise                Necr           100%       1d9       1%          1
 Sandblast                Erth           100%       2d20      1%          1
 Sting                    Tmut/Pois      100%       1d8       1%          1
 Summon Small Mammal      Summ           96%        N/A       1%          1
 Momentum Strike          Conj/Tloc      100%       3d10      0%          2
 Scorch                   Fire           100%       2d9       0%          2
 Static Discharge         Conj/Air       100%       2-7/arc   0%          2
 Volatile Blastmotes      Fire/Tloc      100%       2d18      0%          3
 Flame Wave               Conj/Fire      89%        2d19      0%          4
 Cigotuvi's Dreadful Rot  Necr/Pois/Air  100%       N/A       1%          2
 Ensorcelled Hibernation  Hex/Ice        100%       N/A       1%          2
 Lesser Beckoning         Tloc           100%       N/A       1%          2
 Passwall                 Tmut/Erth      34%        N/A       1%          2
 Poisonous Vapours        Pois/Air       100%       N/A       1%          2
 Frozen Ramparts          Ice            100%       1d16      1%          3
 Gell's Gravitas          Tloc           69%        N/A       1%          3
 Ignite Poison            Fire/Tmut/Pois 61%        N/A       1%          3
 Inner Flame              Hex/Fire       65%        N/A       1%          3
 Portal Projectile        Hex/Tloc       100%       N/A       1%          3
 Stone Arrow              Conj/Erth      100%       3d13      1%          3
 Teleport Other           Tloc           69%        N/A       1%          3
 Airstrike                Air            29%        2d(5-21)  1%          4
 Animate Dead             Necr           62%        N/A       1%          4
 Dispel Undead            Necr           62%        3d22      1%          4
 Fulminant Prism          Conj/Hex       32%        3d15      1%          4
 Ice Form                 Ice/Tmut       55%        N/A       1%          4
 Summon Ice Beast         Ice/Summ       55%        N/A       1%          4
 Arcjolt                  Conj/Air       37%        1d47      1%          5
 Borgnjor's Vile Clutch   Necr/Erth      29%        N/A       1%          5
 Fireball                 Conj/Fire      44%        3d18      1%          5
 Iskenderun's Battlesphe  Conj           89%        2d14      1%          5
 Lee's Rapid Deconstruct  Erth           27%        3d15*     1%          5
 Plasma Beam              Fire/Air       37%        2x1d56    1%          6
 Simulacrum               Ice/Necr       34%        N/A       1%          6
 Starburst                Conj/Fire      44%        6d12      1%          6
 Ozocubu's Refrigeration  Ice            37%        4d15      1%          7
 Call Imp                 Summ           48%        N/A       2%          2
 Wereblood                Tmut           24%        N/A       2%          2
 Metabolic Englaciation   Hex/Ice        27%        N/A       2%          5
 Summon Lightning Spire   Summ/Air       43%        N/A       3%          4
 Confusing Touch          Hex            24%        N/A       4%          3
 Summon Guardian Golem    Hex/Summ       24%        N/A       4%          3
 Tukima's Dance           Hex            24%        N/A       4%          3
 Animate Armour           Summ/Erth      82%        N/A       4%          4
 Leda's Liquefaction      Hex/Erth       20%        N/A       4%          4
 Summon Forest            Summ/Tloc      25%        N/A       4%          5
 Death Channel            Necr           31%        N/A       5%          6
 Spellforged Servitor     Conj/Summ      32%        N/A       6%          7
 Silence                  Hex/Air        21%        N/A       9%          5
 Alistair's Intoxication  Tmut/Pois      26%        N/A       11%         5
 Lehudib's Crystal Spear  Conj/Erth      37%        10d9      11%         8
 Yara's Violent Unravell  Hex/Tmut       12%        3d7       12%         5
 Eringya's Noxious Bog    Tmut/Pois      20%        N/A       16%         6
 Blade Hands              Tmut           12%        N/A       38%         5
 Summon Mana Viper        Hex/Summ       24%        N/A       38%         5
 Statue Form              Tmut/Erth      27%        N/A       47%         6
 Disjunction              Tloc           34%        N/A       56%         8
 Maxwell's Capacitive Co  Air            29%        ∞         63%         8
 Malign Gateway           Summ/Tloc      25%        N/A       71%         7
 Borgnjor's Revivificati  Necr           31%        N/A       89%         8
 Summon Cactus Giant      Summ           12%        N/A       91%         6
 Storm Form               Tmut/Air       21%        N/A       92%         7
 Enfeeble                 Hex            12%        N/A       100%        7
 Monstrous Menagerie      Summ           12%        N/A       100%        7
 Summon Hydra             Summ           12%        N/A       100%        7
 Discord                  Hex            12%        N/A       100%        8
 Necromutation            Tmut/Necr      23%        N/A       100%        8
 Summon Horrible Things   Summ           12%        N/A       100%        8
 Death's Door             Necr           31%        N/A       100%        9
 Dragon's Call            Summ           12%        N/A       100%        9
 Blink                    Tloc           Unusable   N/A       N/A         2
 Swiftness                Air            Unusable   N/A       N/A         3
 Vhi's Electric Charge    Tloc/Air       Unusable   N/A       N/A         3

Dungeon Overview and Level Annotations

Branches:
Dungeon (15/15)            Temple (1/1) D:5            Lair (5/5) D:8
 Shoals (4/4) Lair:3       Spider (4/4) Lair:3        Slime (5/5) Lair:4
    Orc (2/2) D:9             Elf (3/3) Orc:2        Vaults (5/5) D:14
  Crypt (3/3) Vaults:3       Tomb (1/3) Crypt:3      Depths (4/4) D:15
   Hell (visited)             Coc (0/7) Hell            Zot (1/5) Depths:4
 Bailey (visited)         Volcano (visited)
    Dis: Hell:1         Geh: Hell:1         Tar: Hell:1

Altars:
Cheibriados
Dithmenos
Elyvilon
Fedhas
Hepliaklqana
Kikubaaqudgha
Makhleb
Nemelex Xobeh
Okawaru
Qazlal
Ru
Sif Muna
Trog
Uskayaw
Vehumet
Wu Jian
Xom
Yredelemnul
Zin
The Shining One

Shops:
D:9 !   D:12 *   D:15 *   Orc:2 =([[   Elf:2 *:=:   Elf:3 (   Shoals:2 [
Shoals:3 [=[!   Vaults:1 =   Vaults:2 :   Vaults:3 (   Vaults:4 [
Vaults:5 :![   Depths:1 [   Depths:3 !

Portals:
Hell: Depths:1 Depths:2 Depths:3 Depths:4
Abyss: Depths:1 Depths:2 Depths:3
Pandemonium: Depths:1 Depths:2 Depths:4
Ziggurat: Depths:3

Annotations:
Vaults:4 Boris
Zot:1 !orb of fire, Parghit
Pan Mnoleg


Innate Abilities, Weirdness & Mutations

You cannot be hasted, slowed, berserked, paralysed or teleported.
You can dig through walls and to a lower floor.
You have a pair of large antennae on your head. (SInv)
Your four strong arms can wield two-handed weapons with a shield.
You have razor-sharp toenails.
You are partially covered in iridescent scales. (AC +2)
You are clumsy. (Dex -2)
You are frail. (-10% HP)
Your muscles are strong. (Str +4, Int/Dex -1)


Message History

The tentacled monstrosity tentacle-slaps you but does no damage. x2
You block the tentacled monstrosity's attack.
The tentacled monstrosity constricts you.
The green very ugly thing punches you.
* * * LOW HITPOINT WARNING * * *
Mnoleg claws you!!
* * * LOW HITPOINT WARNING * * *
You block Mnoleg's attack. Mnoleg gores you.
* * * LOW HITPOINT WARNING * * *
Mnoleg kicks you but does no damage.
The green very ugly thing tail-slaps you but does no damage.
The Tzitzimitl calls on the powers of darkness!
The green very ugly thing convulses!
Your body is wracked with pain!
* * * LOW HITPOINT WARNING * * *
The purple very ugly thing convulses! x2; The green very ugly thing convulses!
The purple very ugly thing convulses!
Unknown command.
Unknown command.
Okay, then.
Unknown command.
Unknown command.
Unknown command.
Unknown command.
You feel better.
You block the green very ugly thing's attack.
A red very ugly thing comes into view.
You block the tentacled monstrosity's attack.
The tentacled monstrosity barely misses you.
The tentacled monstrosity tentacle-slaps you but does no damage.
The tentacled monstrosity constricts you.
* * * LOW HITPOINT WARNING * * *
Mnoleg gestures.
The neqoxec gestures at you.
You feel dopey. Something feeds on your intellect!
The green very ugly thing tail-slaps you but does no damage.
The green very ugly thing punches you but does no damage.
The brown very ugly thing headbutts you!
* * * LOW HITPOINT WARNING * * *
The acid corrodes you!
You are splashed with acid.
You die...

*,,,,,,,,*,,,,,,,*,,,,,,,,,,,
*,,**************************
*,,* **,,,,,,,,,,,,,**
*,,***,,,,,,,,,,,,,,,**
*,,**,,,,*****,,,**,,,* *
*,,,,,,,,* **,,,****,,* **
*,,,,,,,,***,,,** **,,* **,
*,,,,**,,**,,,** **,,,* **,,
*,,,***,,*,,,** *,,,** **,,,
*,,***,,,*,,** *,,** **,,,*
*****,,,**..#* *,,****,,,**
**,,,***,..## *,,,**,,,***
**,,,** **...## **,,,,,,***,
**,,,*###***3..####*,,,,***,,
*,,,*##..#**#.....#**,,***,,,
*,,**#..3.#*#3X...,******,,,*
*,,**......##2u#*,,,,***,,,**
*,,,,,,*#XuXXu.#,,**,,,,,,***
*,,,,,**#.&@u1.#*,,*,,,,,,**,
*,,,,**#.uu###.u..#*,,**,,,,,
*,,,**#...#**###.....,***,,,,
*,,**#.^.#**{,**#.u.X,****,,*
****#...#**,,,,**###u,,******
**...#**{,,,,,** **,,,** **
**,..#**,,,**,,,* **,,,***,
**,,.#**,,,****,,* **,,**,,
*,,,***,,,** **,,* **,,*,,,
*,,***,,,** **,,,* **,,,*,,*
*,,**,,,** *,,,** **,,,**,,*
*,,,,,,** *,,** **,,,***,,,
*,,,,,** *,,****,,,** *,,,
*,,,,** *,,,**,,,*****,,,
*,,,** **,,,,,,,,,,,,,,,
*,,** **,,,,,,,,,,,,,* ****
***************


You could see Mnoleg, 2 tentacled monstrosities, a Tzitzimitl (summoned), 7 very
ugly things, a cacodemon (strong, agile), a brown ugly thing (strong), 2 large
abominations and 2 neqoxecs.

Vanquished Creatures
  the Royal Jelly (Slime:5)
  A pandemonium lord (Pan)
  2 ancient liches
  Mara (Vaults:4)
  Margery (Vaults:4)
  Saint Roka (Depths:1)
  Bai Suzhen (Crypt:2)
  Geryon (Hell)
  A curse toe (Crypt:3)
  Jory (Vaults:5)
  4 bone dragons
  2 golden dragons (Vaults:5)
  3 doom hounds
  Rupert (D:14)
  4 Tzitzimimeh
  A walking earthen tome (Depths:3)
  7 tentacled monstrosities
  3 liches
  4 deep elf master archers (Elf:3)
  4 titans (Vaults:5)
  4 deep elf blademasters
  A quicksilver dragon (Vaults:5)
  7 sphinxes
  The ghost of Ahpoh the Warrior, an adept GrBe of Trog (Spider:4)
  8 ancient champions
  13 acid blobs
  An Executioner (Pan)
  Polyphemus (Shoals:2)
  2 death cobs (Depths:4)
  3 krakens
  Gastronok (Orc:1)
  5 storm dragons
  Kirke (Spider:1)
  The ghost of Kevimi the Acrobat, an adept FeNe of Sif Muna (Vaults:2)
  6 azure jellies (Slime:5)
  9 shadow dragons
  14 rockslimes
  6 tengu reavers
  Donald (Vaults:2)
  2 revenants
  A draconian knight (Depths:4)
  10 fire giants
  7 emperor scorpions
  2 iron dragons
  20 vault wardens
  4 spectral caustic shrikes (Depths:2)
  13 deep elf sorcerers
  A caustic shrike zombie (Crypt:2)
  10 frost giants
  A draconian stormcaller (Zot:1)
  7 ghost moths
  Louise (Depths:1)
  An orc warlord (Elf:1)
  2 deep elf elementalists (Elf:3)
  4 cacodemons (Pan)
  4 balrugs
  A curse skull (Crypt:3)
  2 ghouls (Crypt:2)
  11 ironbound preservers
  3 draconian annihilators
  2 demonspawn corrupters (Pan)
  2 reapers
  A spriggan defender (Depths:2)
  7 broodmothers
  4 war gargoyles
  46 very ugly things
  16 stone giants
  15 quicksilver oozes
  3 ironbound thunderhulks
  6 vampire knights
  7 deep elf demonologists
  A green draconian (Depths:4)
  4 caustic shrike skeletons (Crypt:3)
  2 juggernaut skeletons (Crypt:3)
  3 lorocyprocas
  3 spark wasps
  9 deep elf annihilators
  4 black draconians
  16 dire elephants
  3 purple draconians
  2 putrid mouths
  The ghost of iamoutofideas the Severer, a journeyman HOBe of Trog (D:12)
  12 ettins
  4 eidola
  3 iron golems
  3 blizzard demons
  An ettin (shapeshifter) (Vaults:5)
  5 deep elf death magi
  5 entropy weavers
  5 fire dragons
  A green death (Pan)
  9 merfolk javelineers
  A crystal guardian (Vaults:1)
  7 merfolk impalers
  11 yaktaur captains
  10 jiangshi
  7 deep elf high priests
  Harold (Lair:2)
  36 vault guards
  14 great orbs of eyes
  3 rakshasas
  2 spriggan zombies
  4 ice dragons
  3 hydras (Lair:4)
  A hell beast (Depths:4)
  A catoblepas (Shoals:2)
  4 centaur warriors
  2 jorogumos
  An anaconda (shapeshifter) (D:15)
  3 spriggan air magi (Depths:3)
  2 spriggan skeletons (Crypt:3)
  2 fenstrider witch skeletons
  5 ironbound frosthearts
  3 radroaches
  7 merfolk aquamancers
  A two-headed ogre (shapeshifter) (Spider:3)
  2 death knights
  7 ogre magi
  An alligator snapping turtle (Shoals:2)
  6 peacekeepers
  25 dancing weapons
  4 boulder beetles
  22 two-headed ogres
  8 deep troll earth magi
  6 deep troll shamans
  A quicksilver ooze zombie (Crypt:3)
  6 hell hogs
  4 tengu warriors
  2 satyrs
  6 spriggan berserkers
  9 death yaks
  7 vampire magi
  A shock serpent (shapeshifter) (Elf:1)
  10 hell knights
  14 sun demons
  6 holy swine (Pan)
  4 titan skeletons
  22 deep elf knights
  3 orc high priests (Elf:1)
  9 soul eaters
  A fire crab (Vaults:2)
  5 skysharks
  2 sun moths
  14 iron trolls
  41 skeletal warriors
  A shadow wraith (Crypt:3)
  An anaconda zombie (Crypt:3)
  5 sixfirhies
  12 orb spiders
  5 glowing orange brains
  Lodul (D:10)
  8 pharaoh ants
  2 salamander mystics (Depths:1)
  10 shadow demons
  A storm dragon skeleton (Crypt:3)
  43 deep trolls
  7 sea snakes
  5 flayed ghosts
  A bog body (Crypt:2)
  A glowing orange brain (shapeshifter) (Vaults:1)
  An orb spider (shapeshifter) (D:15)
  8 harpies
  4 anaconda skeletons (Crypt:3)
  19 ironbound convokers
  7 wizards
  13 phantasmal warriors
  12 steelbarb worms
  17 deep elf archers
  28 deep elf zephyrmancers
  5 necromancers
  10 orc knights
  38 ugly things
  2 shadow dragon skeletons
  10 lindwurms
  28 deep elf pyromancers
  3 orc sorcerers
  A wolf spider (shapeshifter) (Orc:2)
  2 tengu skeletons (Vaults:3)
  22 wolf spiders
  18 manticores
  5 shining eyes
  An iron dragon zombie (Crypt:1)
  8 salamanders
  15 cyclopes
  16 fauns
  A moth of wrath (shapeshifter) (Vaults:5)
  A fire giant skeleton (Vaults:3)
  7 demonic crawlers
  6 elephants (Lair:5)
  4 moths of wrath
  9 black mambas
  A stone giant skeleton (Crypt:3)
  7 merfolk sirens
  8 rust devils
  19 vault sentinels
  4 molten gargoyles
  2 eyes of devastation
  11 smoke demons
  A torpor snail (shapeshifter) (Vaults:5)
  7 orange demons
  11 cane toads
  10 water nymphs
  3 dire elephant skeletons
  2 centaur skeletons (Crypt:3)
  2 efreet (D:15)
  5 rime drakes
  An unseen horror (shapeshifter) (D:14)
  A kobold demonologist (D:12)
  A tormentor (Depths:3)
  An ice devil (Depths:4)
  3 torpor snails
  7 komodo dragons
  5 tengu conjurers
  A hellion (Depths:1)
  A redback zombie (Crypt:2)
  A red draconian zombie (Crypt:3)
  A yaktaur (shapeshifter) (D:14)
  2 freezing wraiths
  30 yaktaurs
  A guardian mummy (Tomb:1)
  3 meliai (Spider:2)
  7 red devils
  An elf skeleton (Vaults:3)
  8 hornets
  25 merfolk
  12 trolls
  A harpy zombie (Crypt:2)
  A minotaur skeleton (Crypt:3)
  11 wind drakes
  An iron troll skeleton (Crypt:1)
  A meliai (shapeshifter) (Elf:2)
  A death drake skeleton (Crypt:2)
  8 polar bears
  5 blink frogs
  9 snapping turtles
  20 tarantellas
  14 dream sheep
  135 slime creatures
  2 harpy skeletons
  3 shadows (D:11)
  14 air elementals
  A centaur simulacrum (D:15)
  13 spriggans
  3 ettin skeletons
  14 flying skulls (Tomb:1)
  5 ynoxinuls (Pan)
  25 water elementals
  40 jumping spiders
  28 culicivoras
  4 wyverns
  A black mamba skeleton (Crypt:3)
  An alligator skeleton (Crypt:1)
  39 yaks
  2 vampires
  3 fire elementals
  4 basilisks
  7 chaos spawn
  5 fire bats (Volcano)
  3 golden eyes
  90 redbacks
  A hog (Spider:1)
  3 humans
  4 neqoxecs
  16 vampire mosquitoes
  A redback simulacrum (D:14)
  2 steam dragons
  5 large abominations (Pan)
  A warg (Depths:1)
  A hell hound (Volcano)
  An ogre skeleton (Vaults:3)
  17 water moccasins
  2 glowing shapeshifter skeletons (Vaults:3)
  An acid dragon (D:13)
  2 floating eyes (Depths:1)
  A merfolk skeleton (Crypt:1)
  34 orc warriors
  5 black bears
  A swamp drake (D:8)
  4 boggarts (Lair:5)
  25 centaurs
  35 ogres
  26 wolves
  2 phantoms (D:6)
  A lemure (D:4)
  A komodo dragon zombie (Crypt:2)
  Blork the orc (D:4)
  3 kobold brigands
  A cyclops zombie (Crypt:2)
  A rime drake skeleton (Crypt:3)
  2 necrophages (Crypt:2)
  2 earth elementals (Elf:1)
  A gnoll sergeant (D:9)
  13 bullfrogs
  3 human skeletons (Vaults:3)
  A komodo dragon skeleton (Crypt:2)
  4 scorpions
  22 wights
  A raiju zombie (Crypt:3)
  7 killer bees
  A shapeshifter skeleton (Crypt:2)
  A raiju skeleton (Crypt:2)
  6 howler monkeys
  8 lava snakes
  3 hounds
  17 orc priests
  3 gnoll boudas
  2 jellies (D:7)
  An iron imp (D:7)
  3 iguanas
  22 orc wizards
  A sleepcap (D:8)
  Natasha (D:4)
  6 hell rats (Hell)
  An acid dragon skeleton (Crypt:3)
  3 naga skeletons
  3 mummies (Tomb:1)
  23 gnolls
  A steam dragon zombie (Crypt:1)
  2 adders
  A steam dragon skeleton (Crypt:3)
  2 shadow imps
  2 white imps
  A worm (D:2)
  3 dart slugs
  58 orcs
  5 bats
  A bat skeleton (Crypt:3)
  A bat zombie (Crypt:1)
  4 endoplasms
  9 giant cockroaches
  10 hobgoblins
  10 jackals
  5 quokkas
  6 ball pythons
  3 frilled lizards (D:3)
  12 goblins
  A goblin skeleton (D:7)
  A hobgoblin skeleton (Crypt:1)
  2 hobgoblin zombies (D:7)
  27 kobolds
  2 kobold zombies (D:7)
  An orc skeleton (D:7)
  3 orc zombies
  5 rats
  7 ball lightnings
  12 fire vortices
  6 spectral weapons
  5 tentacles (Shoals:1)
2530 creatures vanquished.

Vanquished Creatures (collateral kills)
  A doom hound (Depths:2)
  Jorgrun (D:14)
  A tentacled monstrosity (Vaults:5)
  An acid blob (Slime:1)
  A quicksilver dragon (Vaults:5)
  A sphinx (Vaults:4)
  A tengu reaver (Vaults:4)
  A rockslime (Slime:3)
  2 vault wardens (Vaults:5)
  A frost giant (Hell)
  2 ironbound preservers
  A cacodemon (Pan)
  2 reapers
  A stone giant (Vaults:5)
  2 deep elf high priests (Vaults:5)
  An orc knight (Vaults:5)
  A smoke demon (Hell)
  An orange demon (Pan)
  3 yaktaurs (Vaults:5)
  11 slime creatures
  4 golden eyes
  A chaos spawn (Pan)
  A hell rat (Hell)
  An orc (Vaults:5)
  12 ball lightnings
55 creatures vanquished.

Vanquished Creatures (others)
  A deep elf knight (Elf:2)
  A wizard (Vaults:2)
  A smoke demon (Hell)
  3 humans (Spider:1)
  An electric eel (Lair:5)
  3 lava snakes (Volcano)
  2 orcs (Orc:2)
  348 ball lightnings
  335 fire vortices
  60 fungi
  150 plants
  12 spectral weapons
  49 tentacles
966 creatures vanquished.

Grand Total: 3551 creatures vanquished

Notes
Turn   | Place    | Note
-------+----------+-------------------------------------------
     0 | D:5      | petzl the Formicid Delver began the quest for the Orb.
     0 | D:5      | Reached XP level 1. HP: 18/18 MP: 1/1
    22 | D:5      | Reached XP level 2. HP: 21/24 MP: 2/2
    93 | D:6      | Learned a level 1 spell: Magic Dart
   110 | D:6      | Found a hide-covered altar of Uskayaw.
   137 | D:6      | Noticed a scorpion
   172 | D:6      | Reached skill level 1 in Spellcasting
   172 | D:6      | Reached XP level 3. HP: 13/29 MP: 2/4
   185 | D:6      | Noticed a scorpion
   418 | D:5      | Found a staircase to the Ecumenical Temple.
   428 | Temple   | Entered the Ecumenical Temple
   497 | Temple   | Became a worshipper of Vehumet
   532 | D:4      | Noticed Blork the orc
   569 | D:1      | Reached skill level 1 in Conjurations
  1029 | D:1      | Reached XP level 4. HP: 35/35 MP: 6/6
  1129 | D:1      | Found a faded altar of an unknown god.
  1183 | D:1      | Reached skill level 1 in Ranged Weapons
  1734 | D:2      | Reached * piety under Vehumet
  1734 | D:2      | Offered knowledge of Shock by Vehumet.
  1737 | D:2      | Learned a level 1 spell: Shock
  2876 | D:3      | Reached XP level 5. HP: 39/41 MP: 6/8
  2950 | D:4      | Noticed a yak
  2950 | D:4      | Noticed a yak
  2950 | D:4      | Noticed a yak
  2974 | D:3      | Found a stormy altar of Qazlal.
  2976 | D:3      | Noticed a fire elemental
  2977 | D:3      | Noticed a water elemental
  2977 | D:3      | Noticed an air elemental
  3042 | D:3      | You fall into a shaft and drop 3 floors!
  3158 | D:6      | Noticed a phantom
  3884 | D:3      | Offered knowledge of Momentum Strike by Vehumet.
  3895 | D:3      | Reached ** piety under Vehumet
  4205 | D:3      | Reached skill level 1 in Air Magic
  4292 | D:4      | Reached XP level 6. HP: 47/47 MP: 9/9
  4357 | D:4      | Reached skill level 1 in Shields
  4598 | D:4      | Noticed Natasha
  4701 | D:4      | Found a sacrificial altar of Ru.
  5135 | D:5      | Learned a level 3 spell: Mephitic Cloud
  5341 | D:5      | Reached XP level 7. HP: 51/52 MP: 6/11
  5672 | D:5      | Noticed a steam dragon
  5832 | D:5      | Reached skill level 5 in Poison Magic
  6215 | D:7      | Noticed a water moccasin
  6236 | D:7      | Found a glowing golden altar of the Shining One.
  6380 | D:7      | Identified the +2 robe of the Yeti {Rampage *Corrode Will+
                  | Dex+8}
  6553 | D:8      | Noticed a komodo dragon
  6695 | D:7      | Offered knowledge of Scorch by Vehumet.
  6699 | D:7      | Learned a level 2 spell: Scorch
  6899 | D:7      | Reached XP level 8. HP: 38/58 MP: 2/12
  7714 | D:6      | You fall into a shaft and drop 2 floors!
  7941 | D:9      | Found a flagged portal.
  7954 | D:9      | Reached *** piety under Vehumet
  7980 | D:9      | Reached skill level 1 in Armour
  7991 | D:9      | Reached XP level 9. HP: 56/64 MP: 2/16
  7992 | Bailey   | Entered a bailey
  8195 | Bailey   | Noticed an orc knight
  8227 | Bailey   | Killed an orc knight
  8228 | Bailey   | Reached skill level 5 in Spellcasting
  8363 | Bailey   | Found a large runed translucent door.
  8363 | Bailey   | Found a large runed translucent door.
  8364 | Bailey   | Noticed a deep elf pyromancer
  8384 | Bailey   | Killed a deep elf pyromancer
  8384 | Bailey   | Offered knowledge of Sticky Flame by Vehumet.
  8385 | Bailey   | Reached skill level 5 in Conjurations
  8385 | Bailey   | Reached XP level 10. HP: 67/70 MP: 10/19
  8390 | Bailey   | Learned a level 4 spell: Sticky Flame
  8460 | Bailey   | Got the Cyclopedia of the Panacea and Variation
  8549 | D:9      | Reached skill level 1 in Fire Magic
  8754 | D:10     | Entered Level 10 of the Dungeon
  8839 | D:9      | Found Zuume's Distillery.
  8849 | D:9      | Identified the +2 cloak "Bejoyday" {rPois}
  8869 | D:9      | Bought a potion of degeneration for 12 gold pieces
  9061 | D:9      | Reached **** piety under Vehumet
  9109 | D:9      | Reached skill level 5 in Fire Magic
  9134 | D:9      | You fall into a shaft and drop 1 floor!
  9206 | D:9      | Found a staircase to the Orcish Mines.
  9329 | D:9      | Offered knowledge of Volatile Blastmotes by Vehumet.
 10003 | D:4      | Killed Natasha
 10009 | D:4      | Killed Blork the orc
 10324 | D:6      | Reached XP level 11. HP: 75/75 MP: 17/23
 10591 | D:6      | Found a shadowy altar of Dithmenos.
 11157 | D:7      | Reached skill level 1 in Evocations
 11733 | D:8      | Found a white marble altar of Elyvilon.
 12484 | D:8      | Found a staircase to the Lair.
 12489 | Lair:1   | Entered Level 1 of the Lair of Beasts
 12794 | Lair:2   | Got Xehusyer's Lessons on Conjured Weather
 12942 | Lair:1   | Reached skill level 1 in Long Blades
 13049 | Lair:1   | Learned a level 3 spell: Hailstorm
 13273 | Lair:1   | Reached skill level 5 in Ranged Weapons
 13315 | Lair:1   | Reached skill level 5 in Fighting
 13315 | Lair:1   | Reached skill level 1 in Ice Magic
 13425 | Lair:1   | Identified the +5 sling of the Orb {freeze, rF+ rC+ Str-3
                  | Stlth+}
 13459 | Lair:1   | Reached XP level 12. HP: 86/86 MP: 21/25
 13483 | Lair:1   | You fall into a shaft and drop 1 floor!
 14411 | Lair:2   | Noticed Harold
 15261 | Lair:3   | Found a hole to the Spider Nest.
 15387 | Lair:3   | Found a staircase to the Shoals.
 15597 | Lair:3   | Reached ***** piety under Vehumet
 16205 | Lair:5   | Entered Level 5 of the Lair of Beasts
 16210 | Lair:4   | Offered knowledge of Conjure Ball Lightning by Vehumet.
 16218 | Lair:4   | Learned a level 6 spell: Conjure Ball Lightning
 16295 | Lair:4   | Noticed a four-headed hydra
 16384 | Lair:4   | Reached XP level 13. HP: 55/95 MP: 15/26
 16629 | Lair:4   | Found a staircase to the Slime Pits.
 16916 | Lair:4   | Noticed a six-headed hydra
 16918 | Lair:4   | Killed a four-headed hydra
 16919 | Lair:4   | Reached skill level 5 in Ice Magic
 17159 | Lair:4   | Noticed a five-headed hydra
 17183 | Lair:4   | Killed a five-headed hydra
 17406 | Lair:4   | Killed a six-headed hydra
 17407 | Lair:4   | Reached skill level 5 in Air Magic
 17669 | Shoals:1 | Entered Level 1 of the Shoals
 17878 | Lair:2   | Killed Harold
 18350 | D:9      | Learned a level 3 spell: Stone Arrow
 18431 | D:9      | Bought a potion of attraction for 36 gold pieces
 18688 | D:10     | Reached skill level 1 in Earth Magic
 18849 | D:10     | Noticed Lodul
 18868 | D:10     | Killed Lodul
 19854 | D:12     | Reached skill level 10 in Spellcasting
 20273 | D:11     | Offered knowledge of Plasma Beam by Vehumet.
 20580 | D:12     | Found Farrywn's General Store.
 21785 | D:12     | Reached XP level 14. HP: 101/108 MP: 26/28
 21852 | D:12     | Found a bloodstained altar of Trog.
 21952 | D:12     | Bought a scroll of identify for 32 gold pieces
 21952 | D:12     | Bought a scroll of identify for 32 gold pieces
 21963 | D:12     | Found a transporter.
 22000 | D:12     | Learned a level 3 spell: Ozocubu's Armour
 22057 | D:12     | Noticed iamoutofideas's ghost (journeyman HOBe)
 22059 | D:12     | Identified the +1 great mace of Defence by Offence {flame,
                  | Int+3 Dex+2}
 22059 | D:12     | Identified the +6 giant club of Heunalla {flame, rN+ Dex+5}
 22076 | D:12     | Learned a level 4 spell: Olgreb's Toxic Radiance
 22157 | D:12     | Found a transporter.
 23139 | D:15     | Entered Level 15 of the Dungeon
 23191 | D:14     | Noticed Rupert
 23229 | D:14     | Noticed Jorgrun
 23258 | D:14     | Killed Jorgrun
 23559 | Orc:1    | Entered Level 1 of the Orcish Mines
 24287 | Orc:1    | Noticed Gastronok
 24310 | Orc:2    | Entered Level 2 of the Orcish Mines
 24392 | Orc:2    | Found a dark tunnel.
 24402 | Volcano  | Entered a volcano
 24437 | Volcano  | Reached skill level 10 in Fighting
 24782 | Volcano  | Found a bloodstained altar of Trog.
 25093 | Orc:1    | Killed Gastronok
 25646 | Orc:2    | Found a staircase to the Elven Halls.
 25800 | Orc:2    | Found Tuam's Jewellery Shop.
 26147 | Orc:2    | Offered knowledge of Starburst by Vehumet.
 26148 | Orc:2    | Reached XP level 15. HP: 107/117 MP: 13/30
 26242 | Orc:2    | Learned a level 6 spell: Starburst
 27072 | Orc:2    | Found Buedajy's Antique Weapon Emporium.
 27212 | Orc:2    | Found Enyp's Antique Armour Emporium.
 27245 | Orc:2    | Found Xiogu's Antique Armour Shoppe.
 27287 | Orc:2    | Bought a scorched ring mail for 234 gold pieces
 27287 | Orc:2    | Identified the +0 ring mail "Vuyrph" {rC+} (You bought it
                  | in a shop on level 2 of the Orcish Mines)
 27335 | Elf:1    | Entered Level 1 of the Elven Halls
 27400 | Elf:1    | Noticed a deep elf sorcerer
 29755 | Lair:5   | Offered knowledge of Irradiate by Vehumet.
 30083 | Lair:5   | Reached skill level 5 in Shields
 30747 | Lair:5   | Reached skill level 10 in Conjurations
 32900 | D:13     | Reached skill level 5 in Dodging
 33074 | D:14     | Reached XP level 16. HP: 114/127 MP: 17/31
 36586 | D:15     | Found Eloh's Assorted Antiques.
 36600 | D:15     | Bought a scroll of enchant weapon for 247 gold pieces
 36600 | D:15     | Bought an emerald ring for 165 gold pieces
 37418 | D:15     | Found a staircase to the Depths.
 37609 | D:15     | Noticed a sphinx
 37622 | D:15     | Noticed a sphinx
 37627 | D:15     | a sphinx changed into a shadow dragon
 37627 | D:15     | Noticed a shadow dragon (glowing shapeshifter)
 37646 | D:15     | an alligator snapping turtle changed into an azure jelly
 37646 | D:15     | Noticed an azure jelly (glowing shapeshifter)
 37647 | D:15     | an azure jelly changed into an eleionoma
 37649 | D:15     | an eleionoma changed into a fenstrider witch
 37649 | D:15     | Noticed a fenstrider witch (glowing shapeshifter)
 37653 | D:15     | a fenstrider witch changed into an eleionoma
 38096 | D:15     | Bought a potion of invisibility for 264 gold pieces
 38175 | D:12     | You fall into a shaft and drop 1 floor!
 38277 | D:12     | You fall into a shaft and drop 2 floors!
 38590 | D:14     | Found a gate to the Vaults.
 39003 | D:14     | Offered knowledge of Yara's Violent Unravelling by Vehumet.
 39716 | D:14     | Killed Rupert
 40611 | Orc:2    | Bought a ring of flight for 280 gold pieces
 40611 | Orc:2    | Bought a ring of willpower for 400 gold pieces
 40949 | Shoals:1 | Noticed a kraken
 40984 | Shoals:1 | Killed a kraken
 41881 | Shoals:1 | Reached XP level 17. HP: 127/138 MP: 20/33
 42251 | Shoals:2 | Noticed Polyphemus
 42764 | Shoals:1 | Noticed a kraken
 43377 | Spider:1 | Entered Level 1 of the Spider Nest
 43763 | Lair:3   | Reached skill level 5 in Armour
 43977 | Lair:3   | You are sucked into a shaft and drop 2 floors!
 45418 | Spider:1 | Learned a level 6 spell: Iron Shot
 45610 | Spider:1 | Reached skill level 15 in Fighting
 45635 | Spider:1 | Noticed Kirke
 45646 | Spider:1 | Noticed a sphinx
 45650 | Spider:1 | Killed Kirke
 46281 | Spider:2 | Offered knowledge of Lee's Rapid Deconstruction by Vehumet.
 46753 | Spider:2 | Reached skill level 5 in Earth Magic
 48838 | Elf:1    | Reached XP level 18. HP: 113/143 MP: 18/35
 48925 | Elf:1    | Got the Spellbook of the Ancient Runes
 49084 | Elf:2    | Found an ancient bone altar of Kikubaaqudgha.
 52159 | Elf:3    | Entered Level 3 of the Elven Halls
 53036 | Elf:3    | Offered knowledge of Orb of Destruction by Vehumet.
 53262 | D:13     | Learned a level 7 spell: Orb of Destruction
 53608 | Elf:1    | Found a portal to a secret trove of treasure.
 53889 | Elf:2    | Found Liulaaluo's Book Emporium.
 53893 | Elf:2    | Found Jaonus's Jewellery Shop.
 53894 | Elf:2    | Found Wicoakk's Book Emporium.
 53910 | Elf:2    | Bought a book of the Moon for 560 gold pieces
 53910 | Elf:2    | Bought a book of Vapours for 364 gold pieces
 54091 | D:13     | Learned a level 5 spell: Freezing Cloud
 54096 | D:13     | Learned a level 4 spell: Passage of Golubria
 54296 | Elf:2    | Reached skill level 1 in Translocations
 54386 | Elf:2    | Found Diowkush's Assorted Antiques.
 54394 | Elf:2    | Bought a potion of curing for 75 gold pieces
 54394 | Elf:2    | Bought a potion of invisibility for 200 gold pieces
 54394 | Elf:2    | Bought a potion of curing for 75 gold pieces
 54417 | Elf:3    | Identified the +7 quarterstaff of the Shoals {freeze, rC+
                  | rN+ rCorr}
 54544 | Elf:3    | Noticed a deep elf blademaster
 54552 | Elf:3    | Killed a deep elf blademaster
 55199 | Elf:2    | Reached skill level 5 in Translocations
 55297 | Elf:2    | Found a runed translucent gate.
 55298 | Elf:2    | Found a runed translucent gate.
 55298 | Elf:2    | Found a runed translucent gate.
 55718 | Elf:3    | Found Qamoabaycw's Antique Weapon Emporium.
 56398 | Elf:3    | Reached XP level 19. HP: 163/163 MP: 29/37
 57303 | Elf:3    | Identified the +9 trident "Patit" {venom, Dex+2}
 57308 | Elf:3    | Noticed a Brimstone Fiend
 57311 | Elf:3    | Identified the ring "Bokeh" {rF++ Dex+2 Slay+4}
 57777 | Elf:3    | Reached skill level 1 in Polearms
 57925 | Elf:3    | Noticed a deep elf blademaster
 57933 | Elf:3    | Killed a deep elf blademaster
 58215 | Elf:3    | Noticed a deep elf blademaster
 58319 | Elf:3    | Gained mutation: You occasionally lose the ability to drink
                  | potions when taking damage. [a cacodemon]
 58521 | D:13     | Lost mutation: You occasionally lose the ability to drink
                  | potions when taking damage. [potion of mutation]
 58521 | D:13     | Gained mutation: You have very sharp teeth. [potion of
                  | mutation]
 58521 | D:13     | Gained mutation: You are partially covered in iridescent
                  | scales. (AC +2) [potion of mutation]
 58521 | D:13     | Gained mutation: You are somewhat resistant to further
                  | mutation. [potion of mutation]
 58812 | Elf:3    | Killed a deep elf blademaster
 59235 | Elf:3    | Got the Vellum of Stony Generation
 59243 | Elf:3    | Identified the staff of cold "Vaok" {rC+ Int-4 Dex+7 SInv}
 59365 | Elf:2    | Bought Sif Muna's Disquisition on the Vector for 168 gold
                  | pieces
 59367 | Elf:2    | Learned a level 1 spell: Apportation
 59407 | Elf:2    | Noticed a deep elf blademaster
 60486 | Elf:2    | Killed a deep elf blademaster
 60487 | Elf:2    | Reached skill level 10 in Translocations
 60928 | Elf:1    | Reached skill level 10 in Shields
 62349 | Shoals:2 | Reached XP level 20. HP: 134/172 MP: 19/38
 62662 | Shoals:2 | Found Lukics's Armour Boutique.
 63045 | Shoals:4 | Entered Level 4 of the Shoals
 63517 | Shoals:2 | Killed Polyphemus
 64133 | Shoals:3 | Found Heisod's Armour Shop.
 64196 | Shoals:3 | Found Bowaf's Jewellery Shoppe.
 66097 | Shoals:3 | Identified the +1 ring mail "Pojuxikk" {rF+ rCorr}
 66198 | Shoals:3 | Found Xolucai's Distillery.
 66217 | Shoals:3 | Bought a potion of heal wounds for 75 gold pieces
 66244 | Shoals:3 | Found Ynirr's Antique Armour Emporium.
 66757 | Shoals:4 | Reached ****** piety under Vehumet
 68545 | Shoals:4 | Offered knowledge of Fire Storm by Vehumet.
 68545 | Shoals:4 | Offered knowledge of Shatter by Vehumet.
 68545 | Shoals:4 | Offered knowledge of Polar Vortex by Vehumet.
 68546 | Shoals:4 | Reached skill level 5 in Polearms
 68615 | Shoals:4 | Reached skill level 15 in Spellcasting
 69005 | Shoals:4 | Got a barnacled rune of Zot
 70915 | Spider:2 | Reached XP level 21. HP: 164/182 MP: 33/40
 71123 | Spider:3 | Reached skill level 10 in Fire Magic
 71271 | Spider:4 | Entered Level 4 of the Spider Nest
 74004 | Spider:4 | Found a runed translucent door.
 74011 | Spider:4 | Found a shimmering altar of Xom.
 74011 | Spider:4 | Noticed Ahpoh's ghost (adept GrBe)
 76342 | Spider:4 | Got a gossamer rune of Zot
 76656 | Spider:4 | Killed Ahpoh's ghost
 77160 | Vaults:1 | Entered Level 1 of the Vaults
 78352 | Vaults:1 | Reached XP level 22. HP: 62/190 MP: 10/41
 80763 | Vaults:1 | Found Weis's Jewellery Boutique.
 82380 | Vaults:1 | Identified the +8 great mace of Greed {antimagic, rC+ rN++
                  | rCorr Stlth-}
 82867 | Vaults:2 | Found Heroh's Book Shoppe.
 82929 | Vaults:2 | Noticed Donald
 82936 | Vaults:2 | Killed Donald
 83465 | Vaults:2 | Found a transporter.
 83465 | Vaults:2 | Noticed Kevimi's ghost (adept FeNe)
 84421 | Vaults:2 | Found a transporter.
 85875 | Vaults:3 | Identified the +9 great sword "Guoseall" {drain, Drain rF++
                  | Str+6}
 86043 | Vaults:3 | Reached XP level 23. HP: 171/196 MP: 25/43
 86060 | Vaults:3 | Identified the +4 ring mail of Oblivion {rN+}
 86182 | Vaults:3 | Found Xilarak's Weapon Emporium.
 87153 | Vaults:3 | Found a staircase to the Crypt.
 87158 | Crypt:1  | Entered Level 1 of the Crypt
 87424 | Vaults:3 | Reached skill level 10 in Armour
 87662 | Vaults:4 | Found Ruasoeph's Armour Shop.
 87699 | Vaults:4 | Reached skill level 15 in Conjurations
 87891 | Vaults:4 | Noticed Mara
 87975 | Vaults:4 | Reached skill level 15 in Fire Magic
 88063 | Vaults:4 | Noticed Boris
 90022 | Crypt:2  | Noticed Bai Suzhen
 90474 | Crypt:3  | Entered Level 3 of the Crypt
 91597 | Crypt:1  | Found an ancient bone altar of Kikubaaqudgha.
 93181 | Crypt:3  | Found a staircase to the Tomb.
 93195 | Tomb:1   | Entered Level 1 of the Tomb of the Ancients
 93254 | Tomb:1   | Learned a level 2 spell: Sublimation of Blood
 93743 | Tomb:1   | Reached XP level 24. HP: 165/204 MP: 5/44
 93954 | Crypt:3  | Reached skill level 1 in Necromancy
 95000 | Vaults:2 | Got the Elucidation of the Blaze
 95278 | Depths:1 | Entered Level 1 of the Depths
 95451 | D:15     | Reached skill level 5 in Necromancy
 95571 | Depths:1 | Found a hazy altar of Hepliaklqana.
 96107 | Depths:1 | Noticed Saint Roka
 96297 | Depths:1 | Killed Saint Roka
 96460 | Depths:1 | Found Yhuacvav's Armour Shoppe.
 97411 | Depths:1 | Found a gateway to Hell.
 97972 | Depths:1 | You fall into a shaft and drop 1 floor!
 98420 | Depths:2 | Found a one-way gate leading to the halls of Pandemonium.
 99357 | Depths:2 | Found a one-way gate to the infinite horrors of the Abyss.
 99471 | Depths:2 | Learned a level 9 spell: Fire Storm
100201 | Depths:1 | Reached XP level 25. HP: 210/210 MP: 23/44
100399 | Depths:1 | Noticed Louise
100531 | Depths:1 | Killed Louise
101265 | Depths:2 | Found a radiant altar of Vehumet.
101678 | Depths:3 | Found Equczo Econ's Distillery.
101985 | Depths:4 | Entered Level 4 of the Depths
102326 | Depths:3 | Bought 2 potions of heal wounds for 210 gold pieces
102326 | Depths:3 | Bought a potion of mutation for 168 gold pieces
102334 | Depths:3 | Found a one-way gateway to a ziggurat.
103312 | Depths:3 | Got Sif Muna's Directory of the Icicle and Nightshade
105134 | Orc:2    | Bought a ring of wizardry for 480 gold pieces
105394 | Depths:1 | Bought the +6 leather armour "Guwei" {SInv} for 561 gold
                  | pieces
105545 | D:12     | Killed iamoutofideas's ghost
105547 | D:12     | Gained mutation: You occasionally lose the ability to drink
                  | potions when taking damage. [mutagenic glow]
108180 | Depths:4 | Found a gate to the Realm of Zot.
108793 | Crypt:2  | Killed Bai Suzhen
109896 | Crypt:3  | Noticed a curse toe
110862 | Crypt:3  | Noticed an ancient lich
110868 | Crypt:3  | Killed an ancient lich
110869 | Crypt:3  | Reached XP level 26. HP: 186/218 MP: 22/45
111677 | Crypt:3  | Killed a curse toe
112287 | Crypt:3  | Found the +6 Majin-Bo {spellvamp, MP+6 Int+6}
112299 | Crypt:3  | Got the Parchment of the Displaced Oath
112571 | Crypt:3  | Identified the +5 trident of Qetourr {heavy, Fly rC+}
112626 | Crypt:3  | Identified the +10 great mace "Jorr" {protect, rC+}
113314 | Slime:1  | Entered Level 1 of the Pits of Slime
114823 | D:13     | Lost mutation: You have very sharp teeth. [potion of
                  | mutation]
114823 | D:13     | Lost mutation: You are somewhat resistant to further
                  | mutation. [potion of mutation]
114823 | D:13     | Gained mutation: Your flesh is cold resistant. (rC+)
                  | [potion of mutation]
114823 | D:13     | Gained mutation: You are covered in fur. (AC +1) [potion of
                  | mutation]
114823 | D:13     | Gained mutation: You are resistant to electric shocks.
                  | (rElec) [potion of mutation]
114824 | D:13     | Lost mutation: Your flesh is cold resistant. (rC+) [potion
                  | of mutation]
114824 | D:13     | Lost mutation: You are resistant to electric shocks.
                  | (rElec) [potion of mutation]
114824 | D:13     | Lost mutation: You are covered in fur. (AC +1) [potion of
                  | mutation]
114824 | D:13     | Gained mutation: You have sharp toenails. [potion of
                  | mutation]
114824 | D:13     | Lost mutation: You occasionally lose the ability to drink
                  | potions when taking damage. [potion of mutation]
114824 | D:13     | Gained mutation: You have razor-sharp toenails. [potion of
                  | mutation]
114824 | D:13     | Gained mutation: Your muscles are strong. (Str +4, Int/Dex
                  | -1) [potion of mutation]
114942 | Depths:1 | Bought a +2 pair of gloves for 214 gold pieces
115327 | Vaults:4 | Killed Mara
115507 | Vaults:4 | Noticed Margery
115984 | Vaults:4 | Killed Margery
117400 | Vaults:5 | Entered Level 5 of the Vaults
117405 | Vaults:5 | Reached skill level 15 in Shields
117414 | Vaults:5 | Noticed Jory
117419 | Vaults:5 | Killed Jory
117421 | Vaults:5 | Noticed an ancient lich
117427 | Vaults:5 | Reached XP level 27. HP: 224/224 MP: 45/45
117427 | Vaults:5 | Killed an ancient lich
117680 | Vaults:4 | You fall into a shaft and drop 1 floor!
119385 | Vaults:5 | Found Aguel's Antique Armour Boutique.
119396 | Vaults:5 | Bought a warped tower shield for 180 gold pieces
119396 | Vaults:5 | Identified the +0 tower shield of Negation {rF+ rC++ Str+3}
                  | (You bought it in a shop on level 5 of the Vaults)
120362 | Vaults:5 | Found Luenwagh's Book Shoppe.
120391 | Vaults:5 | Identified the staff of air "Bifilaa" {rElec Will+}
120808 | Vaults:5 | Identified the +1 scale mail "Vihedgh" {Int+2}
120953 | Vaults:5 | Got a silver rune of Zot
121070 | Vaults:5 | Found Xucku's Distillery.
121075 | Vaults:5 | Bought a potion of heal wounds for 80 gold pieces
121075 | Vaults:5 | Bought a potion of heal wounds for 80 gold pieces
121075 | Vaults:5 | Bought a potion of mutation for 128 gold pieces
121818 | Shoals:3 | Bought the ring "Atunot" {rElec rC- Will+ rCorr Dex-4} for
                  | 554 gold pieces
123637 | Slime:5  | Entered Level 5 of the Pits of Slime
123995 | Slime:5  | Noticed the Royal Jelly
124480 | Slime:5  | Killed the Royal Jelly
125272 | Slime:5  | Identified the ring of Baal {rElec Dex+6}
125274 | Slime:5  | Identified the orb of Repulsion {mayhem, -Cast Dex+7}
125277 | Slime:5  | Found the +12 glaive of Prune {freeze, Prune}
125280 | Slime:5  | Identified the +2 double sword "Orykh" {speed, rC+}
125340 | Slime:5  | Identified the staff of earth "Duisioss" {Str+2}
125350 | Slime:5  | Identified the +7 dagger "Baruhor" {vamp, rElec rPois}
125366 | Slime:5  | Got a slimy rune of Zot
125976 | Zot:1    | Entered Level 1 of the Realm of Zot
125980 | Zot:1    | Noticed an orb of fire
125983 | Zot:1    | Reached skill level 10 in Ice Magic
125983 | Zot:1    | Noticed Parghit
126302 | Vaults:2 | Killed Kevimi's ghost
126365 | Vaults:2 | Identified the +2 pair of gloves "Ihiockuh" {Str+3}
126892 | Shoals:2 | Bought a +3 leather armour of fire resistance for 264 gold
                  | pieces
127327 | Hell     | Entered the Vestibule of Hell
127327 | Hell     | Noticed Geryon
127453 | Hell     | Killed Geryon
127469 | Depths:2 | You are sucked into a shaft and drop 1 floor!
127517 | Depths:2 | You fall into a shaft and drop 1 floor!
128168 | Depths:4 | HP: 7/213 [???[a doom hound] (5)]
129456 | Depths:3 | You fall into a shaft and drop 1 floor!
130298 | Depths:1 | You fall into a shaft and drop 1 floor!
131891 | Hell     | Found a gateway to the freezing wastes of Cocytus.
132530 | Elf:1    | You paid a toll of the horn of Geryon to enter a treasure
                  | trove
132531 | Trove    | Entered a treasure trove
132544 | Trove    | Identified the ring "Feliathri" {rElec Will+ Int+6}
132799 | D:13     | Learned a level 9 spell: Polar Vortex
133025 | Zot:1    | Gained mutation: You are frail. (-10% HP) [an orb of fire]
133026 | Zot:1    | Gained mutation: You are clumsy. (Dex -2) [an orb of fire]
133171 | Pan      | Entered Pandemonium
133874 | Pan      | Upgraded the game from 0.30-a0-1161-g0704695555 to
                  | 0.31-a0-7-g51783674b7
133948 | Pan      | Noticed Jetuec the pandemonium lord
133967 | Pan      | Killed Jetuec the pandemonium lord
134677 | Pan      | Entered the realm of Mnoleg.
134681 | Pan      | Noticed Mnoleg
134691 | Pan      | HP: 4/203 [brown very ugly thing (13)]
134691 | Pan      | Splashed by a brown very ugly thing's acid

Illustrated notes

Levels and vault maps discovered:
D:1:      evilmike_arrival_plus, layout_loops_ring, basic_ecumenical_altar
D:2:      layout_loops_cross, hex_medium, minmay_misc_feat_cross,
          kennysheep_generic_room_9
D:3:      minmay_door_path, layout_loops_ring, nicolae_qazlal_style_of_elements,
          lexackson_kobold_supper
D:4:      layout_basic, kennysheep_mini, uniq_pikel, uniq_natasha,
          uniq_blork_the_orc
D:5:      kennysheep_steamy, layout_loops_ring,
          minmay_temple_entry_gardened_gates
D:6:      layout_basic, mainiacjoe_overflow_small_starburst,
          mainiacjoe_overflow_chevrons
D:7:      layout_basic, nicolae_tso_besieged_by_evil, minmay_between
D:8:      layout_loops_corners, kennysheep_mini_moat, erik_lair_dragon
D:9:      layout_basic, orc_0_dummy, serial_shops,
          nicolae_shop_temple_entry_statues_fountains,
          lightli_bailey_entry_fortress
D:10:     layout_long_grid, uniq_lodul
D:11:     layout_cave_pods, chequers_mini_garden
D:12:     layout_rooms, serial_shops, shop, gammafunk_ghost_smash,
          minmay_misc_feat_enclosed, trog_ov_bears_minmay
D:13:     layout_gridville
D:14:     layout_long_grid, grunt_vaults_entry_fortified, kennysheep_cross_room,
          uniq_rupert, uniq_jorgrun
D:15:     hangedman_depths_entry_try_elsewhere_first, layout_gridville,
          serial_shops, nicolae_shop_tiny_statue_garden, patterned_corridor
Temple:   nicolae_temple_superstar
Lair:1:   layout_cave_pods, st_stairs_12, beast_lair_carwin_4
Lair:2:   layout_cave_pods, uniq_harold
Lair:3:   layout_chaotic_city, minmay_shoals_entry_beasts,
          nicolae_spider_entry_tight_spaces
Lair:4:   layout_hall_layers, slime_entry_1, serial_bayou_shore_a,
          lemuel_fruit_fields, lemuel_fruit_fields
Lair:5:   minmay_lair_end_enchanted_forest, layout_long_grid,
          nicolae_quartered_pool_little
Shoals:1: layout_shoals, nicolae_shoals_kraken_intersection
Shoals:2: layout_shoals, ldierk_geyser, nicolae_shoals_c_island, uniq_polyphemus
Shoals:3: layout_shoals, serial_shops, shop, shop, shop,
          nicolae_shop_overgrown_old_shop
Shoals:4: shoals_end_hellmonk_storm_palace [storm_palace_center_ruins,
          storm_palace_corner_narrow, storm_palace_corner_grid,
          storm_palace_corner_grid, storm_palace_corner_reverse_hut]
Spider:1: layout_spider_delve, uniq_kirke
Spider:2: layout_spider_delve
Spider:3: layout_chambers, drop_trap, hellmonk_deceptive_appearances,
          hangedman_spider_tarantella_strand
Spider:4: grunt_spider_rune_circles, ebering_ghost_xom
Slime:1:  layout_caves, nicolae_slime_phagocytosis
Slime:2:  layout_caves, nicolae_slime_getting_an_eyeful
Slime:3:  layout_caves
Slime:4:  layout_caves
Slime:5
Orc:1:    layout_caves, uniq_gastronok
Orc:2:    st_orc_open, layout_diamond_mine, lightli_volcano_entry_magma_tube
Elf:1:    layout_geoelf_octagon, special_room [special_room_orc], enter_trove_3,
          minmay_elf_annihilation
Elf:2:    nicolae_elf_blades_crystal_corner, layout_geoelf_grid, serial_shops,
          nicolae_shop_peninsula, basic_altar, minmay_shop_grove
Elf:3:    minmay_elf_hall_statues, layout_geoelf_octagon, serial_shops, shop,
          grunt_ministairs_2, guppyfry_elf_garden
Vaults:1: vaults_dpeg_ring, ontoclasm_vaults_gateway,
          dpeg_vaults_hating_casters, grunt_vaults_swirl,
          hangedman_vaults_restitches, vaults_room_pool,
          nicolae_vaults_border_crossing, hangedman_vaults_hat,
          hangedman_vaults_unwind, v_rooms_2, layout_vaults_omnibox,
          serial_shops, nicolae_shop_peninsula
Vaults:2: gammafunk_ghost_arena, hangedman_vaults_restitches,
          grunt_vaults_bifocal, v_misc_31, v_misc_17, grunt_vaults_hallway_long,
          nicolae_vaults_house_1, nicolae_vaults_trapezoid_2,
          layout_vaults_quadrants, serial_shops, nicolae_shop_mannequins,
          serial_hangedman_research, hangedman_research_pyrotechnics,
          uniq_donald
Vaults:3: nicolae_vaults_three_branches, minmay_crypt_entry_skeletal_spiral,
          nicolae_vaults_tetromino_T_2, nicolae_vaults_sesquioval_fish,
          vaults_dpeg_diagonal, nicolae_vaults_shrinking_rooms_1,
          vaults_room_hallway, nicolae_vaults_door_testing_chamber,
          nicolae_vaults_tetromino_Z_2, nicolae_vaults_layer_cake_slice,
          nicolae_vaults_double_plus_1, vaults_dpeg_emergency_exit,
          nicolae_vaults_little_squares_6, layout_vaults_omnicross,
          serial_shops, nicolae_shop_bloodbath_and_beyond
Vaults:4: nicolae_vaults_network_s, vaults_room_pools, v_misc_30,
          nicolae_vaults_ring_of_whatevers,
          nicolae_vaults_taking_the_gang_shopping,
          nicolae_vaults_sesquioval_fish, ontoclasm_vaults_bender, v_misc_16,
          nicolae_vaults_sesquioval_fish, ontoclasm_vaults_fault,
          vaults_standard_mumra_enter_the_diamond,
          nicolae_vaults_off_center_swirl, ontoclasm_vaults_shuriken,
          nicolae_vaults_little_squares_3, layout_vaults_ring, uniq_boris,
          uniq_margery, uniq_mara
Vaults:5: serial_shops, uniq_jory
Crypt:1:  layout_chaotic_city, serial_sigils_hangedman_gut,
          lemuel_upstairs_altar
Crypt:2:  layout_misc_corridors, grunt_megastairs_5, uniq_bai_suzhen
Crypt:3:  due_elkab, layout_chaotic_city, hex_tiny
Tomb:1
Depths:1: layout_basic, rand_demon_pan_entry_7, serial_shops, shop,
          nicolae_abyss_entry_one_way_or_another, hellmouth_3,
          nicolae_hepliaklqana_hazy_memory, minmay_hollow_rounded_squares,
          uniq_saint_roka
Depths:2: minmay_stepped, layout_cross, nicolae_vehumet_radiance,
          pf_hell_entry_tar_river, grunt_pan_entry_sceptre, abyss_entry,
          minmay_librarian
Depths:3: nicolae_cairo_tiling_very_big, layout_basic, enter_ziggurat_d,
          serial_shops, shop, abyss_entry, hell_entry
Depths:4: evilmike_zot_entry_hall, layout_cave_shapes,
          minmay_misc_feat_nine_boxes, rand_demon_pan_entry_8, hell_entry,
          hangedman_decor_cross_pass, serial_bayou_shore_b
Hell
Zot:1:    layout_misc_corridors, uniq_parghit
Pan:      nicolae_pan_glass_arcs, layout_basic, pan_captured_pigsty,
          mnoleg_grunt, layout_basic

Skill      XL: |  1  2  3  4  5  6  7  8  9 10 11 12 13 14 15 16 17 18 19 20 21 22 23 24 25 26 27 |
---------------+----------------------------------------------------------------------------------+-----
Dodging        | 2 3 5 6 |  6.0
Spellcasting   | 1 2 3 4 6 8 9 10 11 12 13 14 15 16 17 18 20 | 20.0
Conjurations   | 1 2 3 4 5 6 7 8 9 10 11 12 13 14 16 17 18 19 20 | 20.5
Ranged Weapons | 1 2 4 5 |  5.0
Air Magic      | 1 2 3 4 5 6 7 8 |  8.0
Shields        | 1 4 5 8 9 10 12 13 15 16 | 16.1
Poison Magic   | 4 5 7 |  7.0
Armour         | 1 3 4 6 7 9 10 12 13 | 13.0
Fire Magic     | 5 6 7 8 9 12 14 16 17 18 19 20 | 20.5
Evocations     | 3 |  3.0
Fighting       | 5 7 9 10 12 13 16 18 19 20 | 20.4
Stealth        | 7 8 9 |  9.0
Long Blades    | 1 3 4 |  4.0
Ice Magic      | 1 4 6 7 8 14 | 14.3
Earth Magic    | 2 4 5 7 |  7.1
Translocations | 7 10 11 12 | 12.0
Polearms       | 3 5 |  5.0
Necromancy     | 7 8 9 |  9.4
Maces & Flails | |  2.2

Action                     |  1- 3 |  4- 6 |  7- 9 | 10-12 | 13-15 | 16-18 | 19-21 | 22-24 | 25-27 || total
---------------------------+-------+-------+-------+-------+-------+-------+-------+-------+-------++-------
  Melee: Mace              |    62 |    85 |       |       |       |       |       |       |       ||   147
         Punch             |       |     4 |     1 |     2 |     1 |       |       |       |       ||     8
         Short sword       |       |   133 |    42 |     1 |    17 |     2 |       |       |       ||   195
         Scimitar          |       |       |    69 |   115 |   113 |   135 |       |       |       ||   432
         Quarterstaff      |       |       |       |       |       |    11 |     1 |       |       ||    12
         Glaive            |       |       |       |       |       |       |   187 |   345 |   263 ||   795
         Bite              |       |       |       |       |       |       |    29 |    60 |    34 ||   123
         Trident           |       |       |       |       |       |       |       |       |     1 ||     1
   Fire: Sling             |     7 |   138 |    83 |       |       |       |       |       |       ||   228
         Shortbow          |       |       |    58 |   486 |   639 |   210 |   128 |    68 |    17 ||  1606
  Throw: Dart              |       |     6 |       |       |     1 |       |       |     3 |     2 ||    12
         Throwing net      |       |     2 |     3 |     1 |       |       |       |     1 |     1 ||     8
   Cast: Mephitic Cloud    |       |     2 |    44 |   101 |   239 |   205 |    41 |    18 |       ||   650
         Sticky Flame      |       |       |       |    93 |   132 |   103 |    52 |   100 |    37 ||   517
         Stone Arrow       |       |       |       |       |    12 |     7 |       |       |       ||    19
         Hailstorm         |       |       |       |       |    22 |    40 |    14 |    23 |     1 ||   100
         Olgreb's Toxic Ra |       |       |       |       |   106 |   231 |   206 |    89 |    29 ||   661
         Ozocubu's Armour  |       |       |       |       |     8 |    11 |    10 |    41 |    32 ||   102
         Conjure Ball Ligh |       |       |       |       |     9 |   115 |     1 |    29 |     7 ||   161
         Starburst         |       |       |       |       |     8 |     1 |       |       |       ||     9
         Scorch            |       |       |       |       |     1 |       |       |       |       ||     1
         Iron Shot         |       |       |       |       |       |    38 |     1 |    20 |     1 ||    60
         Freezing Cloud    |       |       |       |       |       |    30 |   205 |   206 |    81 ||   522
         Orb of Destructio |       |       |       |       |       |    15 |   204 |   354 |   486 ||  1059
         Passage of Golubr |       |       |       |       |       |     1 |    36 |    33 |    40 ||   110
         Sublimation of Bl |       |       |       |       |       |       |       |    74 |   350 ||   424
         Fire Storm        |       |       |       |       |       |       |       |       |   276 ||   276
         Polar Vortex      |       |       |       |       |       |       |       |       |     1 ||     1
Ability: Dig               |     1 |     1 |       |     3 |    10 |    12 |       |     2 |     8 ||    37
         Shaft Self        |       |     1 |     1 |     1 |       |     3 |       |       |     6 ||    12
  Evoke: Wand              |       |       |       |     1 |     2 |     7 |     2 |     5 |     1 ||    18
         Box of beasts     |       |       |       |       |       |       |       |       |     2 ||     2
         Phantom mirror    |       |       |       |       |       |       |       |       |     2 ||     2
    Use: Scroll            |     1 |     4 |     4 |     7 |    11 |     8 |     2 |     1 |     6 ||    44
         Potion            |       |     1 |     4 |     2 |     3 |     6 |     3 |     6 |    32 ||    57
   Stab: Sleeping          |     5 |    13 |     1 |     1 |       |     1 |     1 |     3 |       ||    25
         Confused          |       |     2 |     7 |    15 |    16 |    14 |    11 |       |       ||    65
         Held in net/web   |       |       |     1 |       |       |       |       |       |       ||     1
         Distracted        |       |       |       |       |       |       |       |     5 |     5 ||    10
 Armour: Leather armour    |    12 |    56 |    22 |     6 |       |       |       |       |   242 ||   338
         Robe              |       |       |       |    79 |   104 |   102 |   153 |    66 |       ||   504
         Skin              |       |       |       |       |       |     3 |       |       |       ||     3
         Ring mail         |       |       |       |       |       |       |       |   273 |    88 ||   361
  Dodge: Dodged            |    44 |   136 |    76 |   191 |   243 |   244 |   234 |   307 |   279 ||  1754
  Block: Other             |       |     7 |    30 |       |    54 |       |       |       |       ||    91
         Reflection        |       |       |       |       |     7 |    44 |    27 |    25 |    26 ||   129
         Buckler           |       |       |       |       |    51 |   177 |   251 |   388 |   177 ||  1044
         Kite shield       |       |       |       |       |       |   132 |       |       |       ||   132
         Tower shield      |       |       |       |       |       |       |       |       |   368 ||   368

Table legend: (Time is in decaauts)
 A = Elapsed time spent in this place.
 B = Non-inter-level travel time spent in this place.
 C = Inter-level travel time spent in this place.
 D = Time resting spent in this place.
 E = Time spent auto-exploring this place.
 F = Levels seen in this place.
 G = Mean time per level.
                   A        B        C        D        E       F      G
               +--------+--------+--------+--------+--------+-----+--------+
         Total | 136024 | 118450 |  17574 |  54469 |  17099 |  59 | 2305.5 |
       Dungeon |  33874 |  26204 |   7670 |   8748 |   7439 |  15 | 2258.3 |
        Temple |     81 |     58 |     23 |      0 |     45 |   1 |   81.0 |
          Lair |  12868 |  11073 |   1795 |   4622 |   2918 |   5 | 2573.6 |
        Shoals |   9324 |   8792 |    532 |   4417 |    747 |   4 | 2331.0 |
   Spider Nest |  10575 |  10224 |    351 |   4926 |   1252 |   4 | 2643.8 |
    Slime Pits |   4656 |   4280 |    376 |   2327 |    410 |   5 |  931.2 |
  Orcish Mines |   4328 |   3508 |    820 |   1773 |    396 |   2 | 2164.0 |
   Elven Halls |  11515 |  10397 |   1118 |   5680 |    141 |   3 | 3838.3 |
        Vaults |  18630 |  16054 |   2576 |   7203 |   1291 |   5 | 3726.0 |
         Crypt |   9679 |   9045 |    634 |   4692 |    445 |   3 | 3226.3 |
          Tomb |    598 |    598 |      0 |    259 |      0 |   1 |  598.0 |
        Depths |  17039 |  15363 |   1676 |   8846 |   1658 |   4 | 4259.8 |
          Hell |    273 |    273 |      0 |     35 |      0 |   1 |  273.0 |
           Zot |     10 |     10 |      0 |      0 |      0 |   1 |   10.0 |
   Pandemonium |   1542 |   1542 |      0 |    644 |    340 |   2 |  771.0 |
         Trove |     46 |     46 |      0 |      0 |      0 |   1 |   46.0 |
        Bailey |    548 |    548 |      0 |    174 |     15 |   1 |  548.0 |
       Volcano |    429 |    429 |      0 |    121 |      0 |   1 |  429.0 |
               +--------+--------+--------+--------+--------+-----+--------+

Top non-repeatable levels by time:
 Crypt:3: 5145 daAuts
Depths:1: 5043 daAuts
Vaults:1: 4516 daAuts
Depths:2: 4460 daAuts
Depths:3: 4375 daAuts
   Elf:2: 4226 daAuts
Vaults:2: 4127 daAuts
   Elf:3: 4056 daAuts
     D:8: 4027 daAuts
    D:13: 3999 daAuts
  Lair:3: 3906 daAuts
Shoals:4: 3567 daAuts
   Orc:2: 3536 daAuts
    D:15: 3488 daAuts
Vaults:5: 3463 daAuts
